 Dungeon Crawl Stone Soup version 0.29-a0-914-g906f1d757c (webtiles) character file.

Game seed: 5536658536756407753

14536 wilfster70 the Covert (level 12, -1/70 HPs)
             Began as a Kobold Delver on July 26, 2022.
             Was a Priest of Dithmenos.
             Succumbed to a cane toad's poison
             ... on level 2 of the Lair of Beasts.
             The game lasted 00:40:25 (17878 turns).

wilfster70 the Covert (Kobold Delver)              Turns: 17878, Time: 00:40:26

Health: -1/70      AC: 20    Str: 11    XL:     12   Next: 46%
Magic:  16/16      EV: 30    Int: 15    God:    Dithmenos [***...]
Gold:   657        SH:  7    Dex: 16    Spells: 14/17 levels left

rFire   . . .      SeeInvis .   D - +2 dagger (venom)
rCold   + . .      Faith    .   x - +0 buckler
rNeg    . . .      Spirit   .   f - +0 swamp dragon scales
rPois   +          Reflect  .   q - +1 helmet
rElec   +          Harm     .   (no cloak)
rCorr   .          Rampage  .   k - +2 pair of gloves
Will    .....                   v - +1 pair of boots
Stlth   +++++++...              A - amulet of the acrobat
HPRegen 0.21/turn               t - ring of Opopp {rElec AC+4}
MPRegen 0.15/turn               C - ring of protection from cold

@: lethally poisoned (-1 -> -19), acrobatic, wreathed by umbra
A: small, no large weapons, nightstalker 3
a: Renounce Religion, Shadow Step


You were on level 2 of the Lair of Beasts.
You worshipped Dithmenos.
Dithmenos was most pleased with you.
You visited 3 branches of the dungeon, and saw 14 of its levels.
You also visited: Ossuary and Gauntlet.

You collected 871 gold pieces.
You spent 214 gold pieces at shops.

Inventory:

Hand Weapons
 a - a +1 dagger of speed
 b - a +1 short sword of electrocution
 w - a +3 dagger
 D - a +2 dagger of venom (weapon)
Armour
 f - +0 swamp dragon scales (worn)
 k - a +2 pair of gloves (worn)
 q - a +1 helmet (worn)
 v - a +1 pair of boots (worn)
 x - a +0 buckler (worn)
 B - a +1 robe of willpower
 F - +0 steam dragon scales
Jewellery
 d - a ring of resist corrosion
 t - the ring of Opopp (left hand) {rElec AC+4}
   (You found it on level 4 of the Dungeon)

   [ring of protection]

   AC:        It affects your AC (+4).
   rElec:     It insulates you from electricity.
 A - an amulet of the acrobat (around neck)
 C - a ring of protection from cold (right hand)
Wands
 g - a wand of digging (3)
 m - a wand of flame (1)
 z - a wand of charming (7)
Scrolls
 c - a scroll of fog
 e - a scroll of fear
 h - a scroll of blinking
 r - a scroll of poison
 y - 6 scrolls of teleportation
Potions
 i - a potion of resistance
 j - a potion of invisibility {unknown}
 l - 5 potions of lignification
 n - 5 potions of mutation
 o - 2 potions of might
 p - 2 potions of attraction {unknown}
 s - 2 potions of flight
 u - 4 potions of ambrosia
 H - 4 potions of brilliance
 J - a potion of cancellation {unknown}


   Skills:
 - Level 6.0 Fighting
 - Level 8.0(10.6) Short Blades
 - Level 7.0(7.7) Long Blades
 - Level 6.0 Armour
 - Level 6.0 Dodging
 - Level 10.0 Stealth
 - Level 7.0 Shields
 + Level 3.3 Spellcasting
 + Level 3.3 Conjurations
 + Level 3.3 Air Magic
 + Level 3.3 Poison Magic
 - Level 6.1 Invocations


You had 14 spell levels left.
You knew the following spells:

 Your Spells              Type           Power      Damage    Failure   Level
a - Mephitic Cloud        Conj/Pois/Air  12%        N/A       41%         3

Your spell library contained the following spells:

 Spells                   Type           Power      Damage    Failure   Level
 Magic Dart               Conj           48%        1d5       16%         1
 Call Imp                 Summ           2%         N/A       65%         2
 Gell's Gravitas          Tloc           2%         N/A       87%         3
 Portal Projectile        Hex/Tloc       4%         N/A       87%         3
 Teleport Other           Tloc           2%         N/A       87%         3
 Tukima's Dance           Hex            2%         N/A       87%         3
 Blade Hands              Tmut           1%         N/A       100%        5
 Dispersal                Tloc           1%         N/A       100%        6


Dungeon Overview and Level Annotations

Branches:
Dungeon (11/15)            Temple (1/1) D:6            Lair (2/5) D:8
  Swamp (0/4) Lair:2        Snake (0/4) Lair:2          Orc (0/2) D:9
Ossuary (visited)         Gauntlet (visited)

Altars:
Ashenzari
Cheibriados
Dithmenos
Elyvilon
Fedhas
Gozag
Hepliaklqana
Kikubaaqudgha
Makhleb
Nemelex Xobeh
Okawaru
Qazlal
Ru
Sif Muna
Trog
Uskayaw
Vehumet
Wu Jian
Xom
Yredelemnul
Zin
The Shining One

Shops:
D:9 [

Annotations:
D:4 1 runed translucent door, exclusion: door, Tenar's ghost, amateur DsEE
Lair:1 2 transporters, kae's ghost, journeyman DsMo


Innate Abilities, Weirdness & Mutations

You are small and have problems with some larger weapons.
You are completely attuned to the shadows.


Message History

The cane toad stings you but does no damage.
You hit the cane toad but do no damage.
The cane toad is lightly wounded.
The cane toad misses you.
You hit the cane toad but do no damage.
The cane toad is lightly wounded.
The cane toad stings you!
You hit the cane toad but do no damage.
The cane toad is lightly wounded.
You hit the cane toad but do no damage.
The cane toad looks as sick as possible!
The cane toad is moderately wounded.
The cane toad stings you.
You closely miss the cane toad.
The cane toad is moderately wounded.
The cane toad stings you!
You are poisoned.
The cane toad poisons you!
You hit the cane toad but do no damage.
The cane toad looks as sick as possible!
The cane toad is moderately wounded.
You feel very sick.
You barely miss the cane toad.
The cane toad is heavily wounded.
You feel very sick. The cane toad stings you!
You are lethally poisoned!
The cane toad poisons you!
You are too injured to fight recklessly!
You feel extremely sick.
* * * LOW HITPOINT WARNING * * *
You feel very sick. The cane toad attacks as you move away!
The cane toad barely misses you.
* * * LOW HITPOINT WARNING * * *
You feel very sick.
A blink frog comes into view.
The cane toad stings you!
* * * LOW HITPOINT WARNING * * *
A blink frog comes into view.
You die...

.#..## ### .##..............
##..# #..........##. P#..##
##.........#.# .#...#
##..>.......... .....#.
####.............# ....... ..
#####P###...........#. .......
..##.......F.........#### .......
......................... .....#.
......F.@.......#........ ##.....
................##....... #....##
.................#....#..
.#...P#...#.........F..........#[
♣♣♣♣♣♣♣.....########..........P#.
♣ ≈♣ ♣...## #...#........#. ♣
§≈≈♣♣...# ##..≈#......... ♣
≈§§§§...# #....#......... ♣
hh§♣♣...#########..............


You could see a cane toad (extremely poisoned) and 2 blink frogs.

Vanquished Creatures
  A boulder beetle (Lair:2)
  3 two-headed ogres (D:9)
  Nergalle (Lair:1)
  A cyclops (D:9)
  2 cane toads
  An unseen horror (D:9)
  Maggie (D:6)
  2 komodo dragons
  2 trolls (D:9)
  A tyrant leech (Lair:2)
  3 blink frogs (Lair:2)
  2 shadows
  A wraith (D:10)
  4 wyverns
  3 basilisks
  13 yaks
  A steam dragon (D:7)
  3 wargs
  4 nagas (Lair:2)
  3 water moccasins
  2 sky beasts (D:7)
  2 orc warriors
  3 ice beasts
  5 wolves (Lair:2)
  2 ogres
  2 centaurs
  A kobold brigand (D:9)
  A phantom (D:5)
  8 bullfrogs
  6 scorpions
  2 gnoll sergeants
  A necrophage (D:6)
  3 wights
  2 electric eels (Lair:2)
  A howler monkey (D:6)
  A centaur zombie (Ossuary)
  2 hounds
  A jelly (D:7)
  5 orc priests
  4 gnoll boudas
  A human zombie (Ossuary)
  3 iguanas
  4 orc wizards
  A human simulacrum (D:9)
  2 mummies (Ossuary)
  Robin (D:2)
  21 gnolls
  9 adders
  2 ufetubi
  2 adder zombies (Ossuary)
  2 worms (D:2)
  3 dart slugs
  25 orcs
  3 bats (D:2)
  11 endoplasms
  5 giant cockroaches
  22 goblins
  10 hobgoblins
  4 jackals (D:1)
  6 kobolds
  3 quokkas
  8 ball pythons
  A frilled lizard (D:1)
  A goblin zombie (Ossuary)
  6 hobgoblin zombies (Ossuary)
  A jackal zombie (Ossuary)
  16 kobold zombies (Ossuary)
  7 orc zombies (Ossuary)
  A rat (D:3)
  2 rat zombies (Ossuary)
289 creatures vanquished.

Vanquished Creatures (collateral kills)
  A dart slug (D:2)
1 creature vanquished.

Vanquished Creatures (others)
  A two-headed ogre (D:9)
  A human simulacrum (D:9)
  A bush (Lair:2)
  13 fungi
  23 plants
  8 withered plants
47 creatures vanquished.

Grand Total: 337 creatures vanquished

Notes
Turn   | Place    | Note
-------+----------+-------------------------------------------
     0 | D:5      | wilfster70 the Kobold Delver began the quest for the Orb.
     0 | D:5      | Reached XP level 1. HP: 14/14 MP: 1/1
     4 | D:5      | Identified the +0 chain mail "Teuniamu" {Rampage}
    24 | D:5      | Noticed a gnoll bouda
    52 | D:5      | Noticed a scorpion
    57 | D:5      | Killed a scorpion
    58 | D:5      | Reached skill level 7 in Stealth
    58 | D:5      | Reached XP level 2. HP: 11/20 MP: 2/2
    58 | D:5      | Reached XP level 3. HP: 14/24 MP: 3/3
    58 | D:5      | Reached XP level 4. HP: 17/29 MP: 4/4
   280 | D:4      | Noticed an ogre
   332 | D:4      | Noticed a scorpion
   336 | D:4      | Killed a scorpion
   337 | D:4      | Reached XP level 5. HP: 33/33 MP: 5/5
  2252 | D:2      | Reached XP level 6. HP: 34/39 MP: 6/6
  2439 | D:2      | Reached skill level 5 in Short Blades
  2945 | D:3      | Noticed Robin
  3371 | D:2      | Killed Robin
  3838 | D:3      | Found a faded altar of an unknown god.
  4277 | D:4      | Identified the ring of Opopp {rElec AC+4}
  4412 | D:4      | Found a runed translucent door.
  4413 | D:4      | Noticed Tenar's ghost (amateur DsEE)
  4501 | D:4      | Reached skill level 5 in Fighting
  4501 | D:4      | Reached XP level 7. HP: 44/44 MP: 7/7
  5015 | D:4      | Reached XP level 8. HP: 36/51 MP: 8/8
  5416 | D:4      | Reached skill level 8 in Stealth
  5856 | D:5      | Reached skill level 5 in Dodging
  6084 | D:5      | Reached skill level 9 in Stealth
  6477 | D:6      | Reached skill level 1 in Shields
  6996 | D:6      | Reached skill level 10 in Stealth
  6996 | D:6      | Reached XP level 9. HP: 55/55 MP: 9/9
  6996 | D:6      | Found a staircase to the Ecumenical Temple.
  7006 | Temple   | Entered the Ecumenical Temple
  7073 | Temple   | Became a worshipper of Dithmenos the Shadowed
  7368 | D:6      | Noticed Maggie
  7378 | D:6      | Reached skill level 1 in Armour
  7403 | D:6      | Killed Maggie
  8274 | D:7      | Found a sand-covered staircase.
  8280 | Ossuary  | Entered an ossuary
  8451 | Ossuary  | Reached * piety under Dithmenos
  8616 | Ossuary  | Reached ** piety under Dithmenos
  9106 | D:7      | Found a stormy altar of Qazlal.
  9177 | D:7      | Reached skill level 5 in Shields
  9408 | D:7      | Found a shimmering altar of Xom.
  9428 | D:7      | Reached XP level 10. HP: 60/60 MP: 10/10
 10055 | D:8      | You fall into a shaft and drop 3 floors!
 10083 | D:11     | Noticed a gargoyle
 10093 | D:10     | Entered Level 10 of the Dungeon
 10158 | D:10     | Found a glowing golden altar of the Shining One.
 10161 | D:10     | Noticed an angel
 10175 | D:10     | Found a basalt altar of Yredelemnul.
 10178 | D:10     | Noticed a profane servitor
 10200 | D:10     | Reached skill level 5 in Armour
 10211 | D:10     | Noticed a komodo dragon
 10365 | D:9      | Found Fysar's Armour Shop.
 10404 | D:9      | Killed an unseen horror
 10576 | D:9      | Found a staircase to the Orcish Mines.
 10584 | D:9      | Bought a +2 pair of gloves for 214 gold pieces
 10595 | D:9      | Noticed a two-headed ogre
 10866 | D:8      | Found a hide-covered altar of Uskayaw.
 10932 | D:8      | Found a staircase to the Lair.
 10947 | D:8      | HP: 1/60 [orc priest/divine providence (16)]
 11385 | D:8      | Reached skill level 1 in Invocations
 12407 | D:9      | Noticed a cyclops
 12556 | D:9      | Killed a cyclops
 12557 | D:9      | Reached XP level 11. HP: 64/64 MP: 12/14
 12571 | D:9      | Killed a two-headed ogre
 12594 | D:9      | Noticed a two-headed ogre
 12624 | D:9      | Killed a two-headed ogre
 12805 | D:9      | Found a broken altar of Ashenzari.
 12809 | D:9      | Found an iron altar of Okawaru.
 12810 | D:9      | Found a shimmering blue altar of Sif Muna.
 12810 | D:9      | Found a sacrificial altar of Ru.
 12845 | D:9      | Noticed a two-headed ogre
 12853 | D:9      | Noticed a two-headed ogre
 12903 | D:9      | Killed a two-headed ogre
 12932 | D:9      | Killed a two-headed ogre
 13579 | D:9      | Reached *** piety under Dithmenos
 13652 | D:9      | Reached skill level 5 in Long Blades
 14173 | Lair:1   | Entered Level 1 of the Lair of Beasts
 14278 | Lair:1   | Found a gate leading to a gauntlet.
 14497 | Gauntlet | Entered a Gauntlet
 14497 | Gauntlet | Found a transporter.
 14501 | Gauntlet | Found a transporter.
 14506 | Gauntlet | Noticed a tengu warrior
 14954 | Lair:1   | Found a transporter.
 14955 | Lair:1   | Noticed a spriggan rider
 14965 | Lair:1   | Found a transporter.
 14980 | Lair:1   | Noticed kae's ghost (journeyman DsMo)
 15023 | Lair:1   | Noticed Nergalle
 15055 | Lair:1   | Killed Nergalle
 15507 | Lair:1   | Learned a level 3 spell: Mephitic Cloud
 15627 | Lair:2   | Reached XP level 12. HP: 70/70 MP: 16/16
 15753 | Lair:2   | Reached skill level 1 in Spellcasting
 15753 | Lair:2   | Reached skill level 1 in Conjurations
 15753 | Lair:2   | Reached skill level 1 in Air Magic
 15753 | Lair:2   | Reached skill level 1 in Poison Magic
 16240 | Lair:2   | Noticed a boulder beetle
 16268 | Lair:2   | Killed a boulder beetle
 16972 | Lair:2   | Found a staircase to the Snake Pit.
 17225 | Lair:2   | Found a staircase to the Swamp.
 17877 | Lair:2   | HP: 3/70 [cane toad (10)]
 17878 | Lair:2   | Succumbed to a cane toad's poison

Illustrated notes

Levels and vault maps discovered:
D:1:      moated_graveyard_arrival, layout_loops_corners
D:2:      layout_loops_ring
D:3:      layout_rooms, hellmonk_ecumenical_altar_lost_god,
          minmay_misc_feat_square, kennysheep_generic_room_3, uniq_robin
D:4:      minmay_razor_zed, layout_rooms, gammafunk_ghost_grave
D:5:      layout_rooms
D:6:      layout_layer_cave, minmay_temple_entry_mist, serial_park_tiny_1,
          nicolae_fountain_basement, uniq_maggie
D:7:      layout_basic, mainiacjoe_overflow_alcove_4, mainiacjoe_overflow_paths,
          chequers_ossuary_entry_cave, grunt_tough_drop
D:8:      layout_basic, nicolae_uskayaw_suspiria, erik_lair_orcish_takeover
D:9:      kennysheep_spiral_hall, layout_loops_cross,
          mainiacjoe_overflow_alcove_3, orc_david_3, st_stairs_6,
          bh_circular_ruins
D:10:     layout_irregular_city, grunt_temple_overflow_holy_war, serial_undead,
          serial_undead_b, serial_undead_a, serial_undead_e, serial_undead_b,
          serial_undead_e, serial_undead_f, serial_undead_b, serial_shops,
          nicolae_take_the_stairs, nicolae_diamond_shop,
          corexii_leaking_fountain
D:11:     layout_loops_cross, trove_entry_hex_spiral
Temple:   nicolae_temple_god_jail
Lair:1:   layout_hall_layers, gauntlet_entry_generic,
          gammafunk_ghost_wrathful_warriors, lemuel_fruit_tree, uniq_nergalle
Lair:2:   layout_gridlike, minmay_swamp_entry_worms,
          minmay_snake_entry_guardpost_small, serial_bayou_shore_a

Skill      XL: |  1  2  3  4  5  6  7  8  9 10 11 12 |
---------------+-------------------------------------+-----
Short Blades   | 3 4 6 8 |  8.0
Dodging        | 3 6 |  6.0
Stealth        | 7 10 | 10.0
Fighting       | 4 5 6 |  6.0
Shields        | 1 5 7 |  7.0
Armour         | 3 6 |  6.0
Invocations    | 4 6 |  6.1
Long Blades    | 7 |  7.0
Spellcasting   | 3 |  3.3
Conjurations   | 3 |  3.3
Air Magic      | 3 |  3.3
Poison Magic   | 3 |  3.3

Action                   |  1- 3 |  4- 6 |  7- 9 | 10-12 || total
-------------------------+-------+-------+-------+-------++-------
Melee: Short sword       |     3 |   191 |   445 |    97 ||   736
       Punch             |       |     5 |     2 |       ||     7
       Dagger            |       |    83 |    27 |   670 ||   780
Throw: Throwing net      |       |       |       |     1 ||     1
  Use: Scroll            |     1 |    10 |     5 |    15 ||    31
       Potion            |       |     1 |     3 |     5 ||     9
 Stab: Sleeping          |     1 |    30 |    27 |    23 ||    81
       Distracted        |       |     3 |     2 |     2 ||     7
Armor: Leather armour    |       |    55 |    55 |       ||   110
       Swamp dragon scal |       |       |    49 |   135 ||   184
Dodge: Dodged            |     2 |   187 |   248 |   429 ||   866
Block: Buckler           |       |       |    59 |   187 ||   246

Table legend: (Time is in decaauts)
 A = Elapsed time spent in this place.
 B = Non-inter-level travel time spent in this place.
 C = Inter-level travel time spent in this place.
 D = Time resting spent in this place.
 E = Time spent auto-exploring this place.
 F = Levels seen in this place.
 G = Mean time per level.
                   A        B        C        D        E       F      G
               +--------+--------+--------+--------+--------+-----+--------+
         Total |  17395 |  17113 |    282 |   6370 |   5327 |  16 | 1087.2 |
       Dungeon |  13441 |  13198 |    243 |   4592 |   4560 |  11 | 1221.9 |
        Temple |     80 |     69 |     11 |      0 |      0 |   1 |   80.0 |
          Lair |   3340 |   3313 |     27 |   1538 |    767 |   2 | 1670.0 |
       Ossuary |    518 |    518 |      0 |    240 |      0 |   1 |  518.0 |
      Gauntlet |     13 |     13 |      0 |      0 |      0 |   1 |   13.0 |
               +--------+--------+--------+--------+--------+-----+--------+

Top non-repeatable levels by time:
     D:7: 2226 daAuts
     D:9: 1948 daAuts
  Lair:2: 1878 daAuts
     D:6: 1816 daAuts
     D:2: 1518 daAuts
  Lair:1: 1462 daAuts
     D:4: 1391 daAuts
     D:1: 1329 daAuts
     D:8: 1095 daAuts
     D:5: 960 daAuts
     D:3: 837 daAuts
 Ossuary: 518 daAuts
    D:10: 281 daAuts
  Temple: 80 daAuts
    D:11: 37 daAuts
